 Dungeon Crawl Stone Soup version 0.24.1 (webtiles) character file.

Game seed: 10847309158493298904, levelgen mode: deterministic

59119 nightchill the Impaler (level 15, -12/75 HPs)
             Began as a Formicid Fighter on Mar 30, 2020.
             Was the Champion of Hepliaklqana.
             Killed from afar by a crystal guardian (20 damage)
             ... with a crystal bolt
             ... on level 3 of the Abyss on Mar 31, 2020.
             The game lasted 01:57:30 (28864 turns).

nightchill the Impaler (Formicid Fighter)          Turns: 28864, Time: 01:57:32

Health: -12/75     AC: 11    Str: 23 (24) XL:     15   Next: 32%
Magic:  17/17      EV:  7    Int:  3      God:    Hepliaklqana [******]
Gold:   1759       SH: 17    Dex:  6      Spells: 14/14 levels left

rFire    + . .     SeeInvis +   P - +1 glaive (chop)
rCold    + . .     Gourm    .   v - +2 shield
rNeg     . . .     Faith    .   b - +0 plate armour {MR+}
rPois    .         Spirit   .   (helmet unavailable)
rElec    +         Reflect  +   a - +0 cloak
rCorr    .         Harm     .   (no gloves)
MR       ++...                  (no boots)
Stlth    ..........             A - +4 amulet of reflection
HPRegen  0.00/turn              o - ring of Laled {rElec rC+ SInv}
MPRegen  0.15/turn              z - ring "Biebyk" {rF+ AC+2}

@: invisible
A: permanent stasis, dig shafts and tunnels, four strong arms, reduced essence,
antennae 3, [blurry vision 3], [clumsy 2], [deformed body], [deterioration 2],
[dopey 2], [frail 3], [low mp 3], [screaming 3], [inhibited regeneration], [weak
2], [no potion heal 3], [subdued magic 3]
a: Dig, Shaft Self, Recall Ancestor, Ancestor Identity, Transference, Idealise,
Renounce Religion


You were on level 3 of the Abyss.
You worshipped Hepliaklqana.
Hepliaklqana was exalted by your worship.
You were hungry.

You visited 4 branches of the dungeon, and saw 20 of its levels.
You visited the Abyss 1 time.

You collected 2047 gold pieces.
You spent 288 gold pieces at shops.

Inventory:

Hand Weapons
 s - a +1 trident of freezing
 P - a +1 glaive of chopping (weapon)
Missiles
 u - 3 throwing nets
 D - 225 stones (quivered)
Armour
 a - a +0 cloak (worn)
 b - a +0 plate armour of magic resistance (worn)
 c - a +0 chain mail of poison resistance
 d - a +0 plate armour
 n - a +0 ring mail of fire resistance
 v - a +2 shield (worn)
Jewellery
 h - an uncursed ring of resist corrosion
 j - an uncursed ring of wizardry
 o - the ring of Laled (left hand) {rElec rC+ SInv}
   (You found it on level 6 of the Dungeon)

   [ring of see invisible]

   It protects you from cold.
   It insulates you from electricity.
   It lets you see invisible.
 z - the ring "Biebyk" (right hand) {rF+ AC+2}
   (You bought it in a shop on level 2 of the Orcish Mines)

   [ring of protection]

   It affects your AC (+2).
   It protects you from fire.
 A - a +4 amulet of reflection (around neck)
 I - an uncursed ring of flight
 M - an uncursed ring of protection from cold
 S - a +5 ring of strength
Wands
 B - a wand of iceblast (7)
 G - a wand of flame (19)
 K - a wand of polymorph (14)
 Y - a wand of acid (15)
Scrolls
 e - 10 scrolls of remove curse
 k - 11 scrolls of teleportation {unknown}
 l - 4 scrolls of fog {unknown}
 m - 4 scrolls of enchant weapon {unknown}
 q - a scroll of immolation
 r - 2 scrolls of magic mapping {unknown}
 t - 2 scrolls of fear {unknown}
 y - 3 scrolls of enchant armour
 E - 2 scrolls of amnesia {unknown}
 F - 3 scrolls of random uselessness {unknown}
 H - 2 scrolls of vulnerability {unknown}
 W - a scroll of brand weapon
Potions
 g - a potion of flight
 i - 7 potions of curing
 p - 2 potions of ambrosia
 x - 2 potions of mutation
 C - 4 potions of lignification
 J - a potion of resistance
 N - 3 potions of invisibility
 O - 3 potions of might
 Q - 4 potions of brilliance
 R - a potion of magic
Miscellaneous
 L - a sack of spiders
Comestibles
 f - 45 rations


   Skills:
 + Level 14.1 Fighting
 * Level 16.6 Polearms
 + Level 6.8 Armour
 + Level 3.0 Dodging
 - Level 9.0 Shields
 + Level 12.6 Invocations


You had 14 spell levels left.
You didn't know any spells.
Your spell library contained the following spells:

 Spells                   Type           Power        Failure   Level  Hunger
 Corona                   Hex            #......      100%        1    ##.....
 Magic Dart               Conj           #...         100%        1    ##.....
 Sandblast                Erth           #.....       100%        1    ##.....
 Summon Butterflies       Summ           #.......     100%        1    ##.....
 Ensorcelled Hibernation  Hex/Ice        #.....       100%        2    ###....
 Passwall                 Tmut/Erth      #.......     100%        2    ###....
 Searing Ray              Conj           #.....       100%        2    ###....
 Call Canine Familiar     Summ           #.......     100%        3    ####...
 Confuse                  Hex            #.......     100%        3    ####...
 Dazzling Spray           Conj/Hex       #.....       100%        3    ####...
 Stone Arrow              Conj/Erth      #.....       100%        3    ####...
 Tukima's Dance           Hex            #.......     100%        3    ####...
 Force Lance              Conj/Tloc      #.......     100%        4    #####..
 Fulminant Prism          Conj/Hex       #.........   100%        4    #####..
 Iskenderun's Mystic Bla  Conj           #.......     100%        4    #####..
 Petrify                  Tmut/Erth      #.......     100%        4    #####..
 Summon Ice Beast         Ice/Summ       #.......     100%        4    #####..
 Lee's Rapid Deconstruct  Erth           #.........   100%        5    ######.
 Summon Mana Viper        Hex/Summ       #.......     100%        5    ######.
 Summon Hydra             Summ           #.........   100%        7    #######


Dungeon Overview and Level Annotations

Branches:
Dungeon (11/15)            Temple (1/1) D:4            Lair (6/6) D:9
 Shoals (0/4) Lair:4       Spider (0/4) Lair:3        Slime (0/5) Lair:6
    Orc (2/2) D:10            Elf (0/3) Orc:2

Altars:
Ashenzari
Cheibriados
Dithmenos
Elyvilon
Fedhas
Gozag
Hepliaklqana
Kikubaaqudgha
Makhleb
Nemelex Xobeh
Okawaru
Qazlal
Ru
Sif Muna
Trog
Uskayaw
Vehumet
Wu Jian
Xom
Yredelemnul
Zin
The Shining One
Beogh
Jiyva

Shops:
D:4 }   D:7 (}[?   D:10 =   Orc:2 (:%=(

Annotations:
D:7 exclusion: knight
D:8 Harold
D:9 2 transporters, exclusion: downstairs, Jabu's ghost, novice NaIE
D:11 Sonja
Lair:3 exclusion: 2 downstairs
Lair:4 exclusion: downstairs
Lair:5 exclusion: knight


Innate Abilities, Weirdness & Mutations

You cannot be hasted, slowed, berserked, paralysed or teleported.
You can dig through walls and to a lower floor.
Your four strong arms can wield two-handed weapons with a shield.
You have a pair of large antennae on your head. (SInv)
Your life essence is reduced to manifest your ancestor. (-10% HP)
[Scrolls take you much longer to read.]
[You are very clumsy. (Dex -4)]
[Armour fits poorly on your strangely shaped body.]
[Your body often deteriorates upon taking damage.]
[You are very dopey. (Int -4)]
[You are extremely frail. (-30% HP)]
[Your magical capacity is extremely low. (-30% MP)]
[You frequently scream uncontrollably at your foes.]
[You do not regenerate when monsters are visible.]
[You are very weak. (Str -4)]
[Potions cannot restore your health.]
[Your spells are much easier to cast, but much less powerful.]


Message History

Something smites you!
* * * LOW HITPOINT WARNING * * *
The lightning spire shoots out a bolt of lightning at you!
The bolt of electricity hits you. You resist.
* * * LOW HITPOINT WARNING * * *
A raiju comes into view.
The raiju barks!
You hear a shout!
Toby blocks the earth elemental's attack.
Toby hits the earth elemental with a +0 broad axe of flaming!
Toby hits something with a +0 broad axe of flaming. x2
The smoke demon gestures at you.
The sticky flame reflects off an invisible shield around you!
The sticky flame hits the smoke demon.
The smoke demon resists.
You fade into invisibility!
A small abomination comes into view.
A blizzard demon comes into view.
You scream at the blizzard demon!
A blizzard demon comes into view.
The crystal guardian fires a crystalline bolt at you.
The crystal bolt burns you!! You resist.
You die...

## #### #. .*####
#.# .##...##.##.##
###{#......#
#....#### #
#.#.##..(# .#
###..#.#.# #.#
#.##*.###..#...
...#.*...#@....#.
....x...33........
...#...X.#...§§#..
..###%..###..8##
.# ##.## #.## .
#.2≈ { {≈≈≈ #..≈≈≈
{{≈≈≈# ....8h{
{{..82∩ .#..≈≈≈
≈#.


You could see 2 blizzard demons, a crystal guardian, a large abomination, 2
smoke demons, a small abomination and a lightning spire.

Vanquished Creatures
  Gastronok (Lair:3)
  A stone giant (Orc:2)
  3 hydras
  Erica (Lair:1)
  A two-headed ogre (D:8)
  3 death yaks
  A fire crab (Lair:5)
  2 wretched stars (Abyss:2)
  6 orc knights
  An orc sorcerer (Orc:1)
  2 oklob plants
  2 elephants (Lair:5)
  3 black mambas
  A centaur zombie (D:10)
  Joseph (D:8)
  17 spiny frogs
  2 rime drakes
  9 komodo dragons
  A troll (D:10)
  2 tyrant leeches (Lair:6)
  6 hippogriffs
  15 blink frogs
  2 dream sheep (Lair:5)
  2 spriggans
  30 yaks
  A wyvern (Lair:5)
  A basilisk (Lair:6)
  5 vampire mosquitoes
  5 wargs
  7 water moccasins
  5 porcupines
  34 orc warriors
  4 sky beasts
  4 ice beasts
  3 black bears
  A phantom (D:9)
  13 wolves
  6 ogres
  2 centaurs
  7 crocodiles
  17 bullfrogs
  A wyvern zombie (D:6)
  A water moccasin zombie (D:8)
  8 wights
  3 electric eels
  4 howler monkeys
  2 bullfrog zombies
  3 crimson imps
  A quasit (Abyss:2)
  A gnoll shaman (D:6)
  14 orc priests
  16 orc wizards
  A jelly (D:9)
  2 bullfrog skeletons
  3 centaur skeletons
  4 hounds
  Jessica (D:2)
  Natasha (thrice) (D:3)
  5 worker ants
  A killer bee zombie (D:7)
  A hound skeleton (D:4)
  A mummy (D:4)
  12 adders
  10 gnolls
  A howler monkey skeleton (D:11)
  A shadow imp (D:9)
  3 oozes
  2 adder skeletons
  2 adder zombies
  4 worms
  3 dart slugs
  7 leopard geckos
  55 orcs
  4 giant cockroaches
  10 goblins
  3 hobgoblins
  A quokka (D:5)
  2 ball pythons
  8 bats
  2 frilled lizards
  A hobgoblin zombie (D:4)
  12 kobolds
  A kobold zombie (D:4)
  An orc zombie (D:4)
  7 rats
  5 fungi (Lair:6)
  A plant (Lair:5)
464 creatures vanquished.

Vanquished Creatures (collateral kills)
  A two-headed ogre (D:11)
  A death yak (Lair:4)
  2 orc knights
  An oklob plant (Lair:4)
  An ugly thing (D:11)
  Maurice (D:8)
  An elephant (Lair:5)
  Psyche (D:8)
  A merfolk siren (Lair:4)
  6 spiny frogs
  2 komodo dragons
  A kobold demonologist (D:11)
  3 blink frogs (Lair:6)
  3 tyrant leeches
  A polar bear (Lair:3)
  2 dream sheep (Lair:5)
  A hippogriff (Lair:2)
  A large abomination (Abyss:1)
  A wyvern (D:9)
  8 yaks
  A basilisk (Lair:5)
  A golden eye (Abyss:3)
  Grum (D:9)
  A vampire mosquito (Lair:6)
  A warg (Orc:2)
  2 water moccasins
  A swamp drake (D:9)
  7 orc warriors
  An ice beast (D:10)
  A necrophage (D:8)
  2 ogres
  3 wolves
  3 crocodiles
  5 bullfrogs
  2 big kobolds
  2 scorpions
  A killer bee (D:8)
  4 howler monkeys
  A wight (D:11)
  An electric eel (Lair:3)
  A quasit (D:9)
  2 hounds (D:8)
  5 orc wizards
  5 orc priests
  A centaur skeleton (D:10)
  A bullfrog skeleton (D:10)
  2 gnolls
  An adder (D:8)
  A shadow imp (D:9)
  An ufetubus (Abyss:3)
  A leopard gecko (D:8)
  28 orcs
  2 kobolds (D:8)
  A kobold zombie (D:4)
  A rat (D:8)
  A fungus (Lair:6)
  3 plants
137 creatures vanquished.

Vanquished Creatures (others)
  2 centaurs
  A wight (D:11)
  24 knights
  7 fungi
  A lurking horror (Abyss:3)
  28 plants
  6 starspawn tentacles (Abyss:3)
69 creatures vanquished.

Grand Total: 670 creatures vanquished

Notes
Turn   | Place    | Note
-------+----------+-------------------------------------------
     0 | D:1      | nightchill the Formicid Fighter began the quest for the
                  | Orb.
     0 | D:1      | Reached XP level 1. HP: 18/18 MP: 1/1
   173 | D:1      | Reached XP level 2. HP: 24/24 MP: 2/2
   443 | D:1      | Reached XP level 3. HP: 30/30 MP: 3/3
   562 | D:1      | Reached skill level 3 in Polearms
   831 | D:2      | Found a shattered altar of Ashenzari.
   834 | D:2      | Found an opulent altar of Gozag.
   909 | D:2      | Reached XP level 4. HP: 34/37 MP: 4/4
   936 | D:2      | Noticed Jessica
   945 | D:2      | Killed Jessica
   972 | D:2      | Reached skill level 4 in Polearms
  1095 | D:2      | Reached XP level 5. HP: 35/42 MP: 5/5
  1526 | D:2      | Found a glowing silver altar of Zin.
  1571 | D:2      | Found a bloodstained altar of Trog.
  1678 | D:3      | Found a sparkling altar of Nemelex Xobeh.
  1843 | D:3      | Found a shadowy altar of Dithmenos.
  1889 | D:3      | Reached XP level 6. HP: 22/49 MP: 6/6
  2141 | D:3      | Noticed Natasha
  2146 | D:3      | Killed Natasha
  2146 | D:3      | Reached skill level 5 in Polearms
  2358 | D:3      | Noticed a sky beast
  2363 | D:3      | Noticed Natasha
  2373 | D:3      | Killed a sky beast
  2373 | D:3      | Reached skill level 5 in Fighting
  2381 | D:3      | Killed Natasha
  2478 | D:3      | Noticed Natasha
  2489 | D:3      | Killed Natasha
  2489 | D:3      | Reached XP level 7. HP: 37/56 MP: 7/7
  2687 | D:4      | Reached skill level 6 in Polearms
  3240 | D:4      | Found a staircase to the Ecumenical Temple.
  3256 | Temple   | Entered the Ecumenical Temple
  3333 | Temple   | Became a worshipper of Hepliaklqana the Forgotten
  3436 | D:4      | Found Itaiwn's Gadget Shoppe.
  3727 | D:5      | Entered Level 5 of the Dungeon
  3812 | D:5      | Reached * piety under Hepliaklqana
  3825 | D:5      | Reached skill level 7 in Polearms
  3825 | D:5      | Reached XP level 8. HP: 51/57 MP: 8/8
  4121 | D:5      | Found a snail-covered altar of Cheibriados.
  4190 | D:5      | Found a glowing golden altar of the Shining One.
  4193 | D:5      | Noticed an angel
  4198 | D:5      | Found a basalt altar of Yredelemnul.
  4200 | D:5      | Noticed a profane servitor
  4615 | D:6      | Got a slimy bronze ring
  4625 | D:6      | Identified the ring of Laled {rElec rC+ SInv} (You found it
                  | on level 6 of the Dungeon)
  4690 | D:6      | Reached skill level 8 in Polearms
  5062 | D:6      | Reached XP level 9. HP: 63/64 MP: 9/9
  5137 | D:6      | Reached ** piety under Hepliaklqana
  5141 | D:6      | Remembered your ancestor Toby as a knight
  5162 | D:6      | Found an opulent altar of Gozag.
  5289 | D:6      | Reached skill level 9 in Polearms
  5556 | D:7      | Found Wapiar's Armour Shoppe.
  5584 | D:7      | Found Tiellam's Weapon Emporium.
  6145 | D:7      | Found a sacrificial altar of Ru.
  6269 | D:7      | Reached skill level 10 in Polearms
  6512 | D:7      | Found Bicwarit's Magic Scroll Emporium.
  6553 | D:7      | Found Gedaos's Gadget Emporium.
  6911 | D:8      | Noticed Harold
  6916 | D:8      | Noticed a two-headed ogre
  7307 | D:8      | Killed a two-headed ogre
  7307 | D:8      | Reached skill level 11 in Polearms
  7307 | D:8      | Reached XP level 10. HP: 55/74 MP: 10/10
  7687 | D:8      | Noticed Psyche
  7696 | D:8      | Killed Psyche
  7720 | D:8      | Noticed Maurice
  7740 | D:8      | Killed Maurice
  7757 | D:8      | Noticed Joseph
  7771 | D:8      | Killed Joseph
  7771 | D:8      | Reached skill level 12 in Polearms
  7781 | D:8      | Reached skill level 10 in Fighting
  7946 | D:8      | Found a shimmering altar of Xom.
  8177 | D:9      | Reached *** piety under Hepliaklqana
  8281 | D:9      | Noticed Grum
  8311 | D:9      | Killed Grum
  9047 | D:9      | Reached XP level 11. HP: 82/82 MP: 11/11
  9103 | D:9      | Found a burning altar of Makhleb.
  9257 | D:9      | Noticed Jabu's ghost (novice NaIE)
  9294 | D:9      | Found a transporter.
  9296 | D:9      | Found a transporter.
  9556 | D:9      | Reached skill level 13 in Polearms
  9812 | D:9      | Found a staircase to the Lair.
  9987 | Lair:1   | Entered Level 1 of the Lair of Beasts
 10298 | Lair:1   | Reached skill level 1 in Invocations
 10371 | Lair:1   | Reached **** piety under Hepliaklqana
 10654 | Lair:1   | Noticed Erica
 10660 | Lair:1   | Killed Erica
 11482 | Lair:2   | Reached skill level 14 in Polearms
 11536 | Lair:2   | Reached ***** piety under Hepliaklqana
 11601 | Lair:2   | Noticed a six-headed hydra
 11622 | Lair:2   | Killed a 12-headed hydra
 11622 | Lair:2   | Reached XP level 12. HP: 33/90 MP: 15/15
 12145 | Lair:2   | Reached skill level 5 in Invocations
 13130 | Lair:3   | Noticed a seven-headed hydra
 13144 | Lair:3   | Killed a seven-headed hydra
 13481 | Lair:3   | Found a hole to the Spider Nest.
 13913 | Lair:3   | Noticed Gastronok
 13939 | Lair:3   | Killed Gastronok
 13939 | Lair:3   | Reached skill level 5 in Shields
 14612 | Lair:3   | Reached XP level 13. HP: 97/97 MP: 19/19
 14876 | Lair:3   | Reached skill level 15 in Polearms
 15022 | Lair:4   | Noticed a four-headed hydra
 15037 | Lair:4   | Killed a four-headed hydra
 15463 | Lair:4   | Found a staircase to the Shoals.
 17789 | Lair:5   | Reached skill level 10 in Invocations
 18896 | Lair:6   | Entered Level 6 of the Lair of Beasts
 19296 | Lair:6   | Reached ****** piety under Hepliaklqana
 19987 | Lair:5   | Reached XP level 14. HP: 100/106 MP: 22/22
 20153 | Lair:6   | Found a staircase to the Slime Pits.
 20477 | Lair:5   | Reached skill level 16 in Polearms
 21351 | Lair:6   | Found a viscous altar of Jiyva.
 21803 | Lair:6   | Reached skill level 5 in Armour
 23113 | D:10     | Entered Level 10 of the Dungeon
 23296 | D:10     | Found a staircase to the Orcish Mines.
 23348 | D:10     | Found Nodyhecs's Jewellery Shop.
 23655 | Orc:1    | Entered Level 1 of the Orcish Mines
 24496 | Orc:2    | Entered Level 2 of the Orcish Mines
 24496 | Orc:2    | Found Yzeunio's Food Boutique.
 24867 | Orc:1    | Reached skill level 1 in Dodging
 25859 | Orc:1    | Found a roughly hewn altar of Beogh.
 26454 | Orc:2    | Noticed a stone giant
 26469 | Orc:2    | Killed a stone giant
 26469 | Orc:2    | Reached XP level 15. HP: 76/112 MP: 24/24
 26620 | Orc:2    | Found Akoacioh's Antique Weapon Shoppe.
 26620 | Orc:2    | Found Ygounn's Book Boutique.
 26888 | Orc:2    | Found a roughly hewn altar of Beogh.
 26932 | Orc:2    | Found Oxewn's Jewellery Shoppe.
 26932 | Orc:2    | Found Jeudomon's Weapon Boutique.
 27549 | Orc:2    | Found a staircase to the Elven Halls.
 27943 | Orc:2    | Bought the ring "Biebyk" {rF+ AC+2} for 288 gold pieces
 28356 | D:11     | Noticed Sonja
 28420 | D:11     | Cast into level 1 of the Abyss (Sonja)
 28818 | Abyss:3  | Noticed a tentacled starspawn
 28864 | Abyss:3  | Killed from afar by a crystal guardian

Levels and vault maps discovered:
D:1:      minmay_arrival_solitary_statue, layout_basic,
          chequers_serial_rivers_room_a, ebering_dispersal_statue_hall,
          chequers_serial_rivers_room_a, minmay_misc_feat_encased
D:2:      layout_rooms, nicolae_overflow_hidden_temple,
          wander_ebering_terrifying_dragon_lair, uniq_jessica
D:3:      layout_rooms, nicolae_overflow_crystal_walls,
          nicolae_dithmenos_shadow_blocks, first_ration, uniq_natasha
D:4:      layout_loops_cross, temple_hall, serial_shops, shop,
          grunt_ministairs_10, minmay_mini_ossuary
D:5:      layout_cave_pools, grunt_temple_overflow_holy_war, kennysheep_mini
D:6:      layout_gridville, basic_altar
D:7:      layout_basic, lemuel_crystal_altar, serial_shops, shop,
          nicolae_shop_trees, kennysheep_little_box, shop, the_bakery
D:8:      layout_basic, tgw_xom, chequers_serial_rivers_micro_b, uniq_joseph,
          uniq_maurice, uniq_harold, uniq_psyche
D:9:      layout_basic, makhleb_grotto_becter, erik_lair_dragon,
          gammafunk_ghost_hive, minmay_orc_keep, uniq_grum
D:10:     layout_basic, orc_0_dummy, serial_shops, nicolae_shop_window_shopping
D:11:     layout_rooms, uniq_sonja
Temple:   compressed_dpeg_circular_temple
Lair:1:   layout_layer_cave, serial_bayou_pond_d,
          cheibrodos_lair_caveside_slide, grunt_megastairs_4, lemuel_fruit_tree,
          uniq_erica
Lair:2:   layout_roguey, grunt_megastairs_5
Lair:3:   layout_layer_cave, dummy_spider_entry, grunt_forest_stairs_clearing,
          grunt_megastairs_1, serial_bayou_shore_a, infiniplex_staircase_pool_2,
          uniq_gastronok
Lair:4:   layout_regular_city, minmay_shoals_entry_lonely_mermaid,
          minmay_lair_oklob_chamber, infiniplex_staircase_pool
Lair:5:   layout_roguey, minivault_27, serial_bayou_shore_b
Lair:6:   minmay_lair_end_frog_pond, layout_gridlike, slime_altar_1
Orc:1:    layout_caves, basic_altar
Orc:2:    st_orc_town, layout_diamond_mine, serial_shops, shop
Abyss:3:  base: D:10, dshaligram_kb_abyss_rune_zappy_water_cross,
          dshaligram_kb_abyss_rune_zappy_water_cross

Skill      XL: |  1  2  3  4  5  6  7  8  9 10 11 12 13 14 15 |
---------------+----------------------------------------------+-----
Polearms       | 3 4 5 7 8 11 12 14 15 16 | 16.6
Fighting       | 4 5 6 7 9 10 11 12 13 14 | 14.1
Invocations    | 4 8 10 12 | 12.6
Shields        | 5 7 9 |  9.0
Armour         | 6 |  6.8
Dodging        | 2 3 |  3.0

Action                   |  1- 3 |  4- 6 |  7- 9 | 10-12 | 13-15 || total
-------------------------+-------+-------+-------+-------+-------++-------
Melee: Trident           |    70 |   218 |    55 |       |       ||   343
       Halberd           |       |       |   213 |   393 |   546 ||  1152
       Spear             |       |       |       |    10 |    11 ||    21
       Glaive            |       |       |       |       |   430 ||   430
Invok: Ancestor Identity |       |       |     1 |       |       ||     1
       Recall Ancestor   |       |       |     2 |     8 |    29 ||    39
       Ancestor Life: Kn |       |       |     1 |       |       ||     1
       Transference      |       |       |       |     1 |     3 ||     4
       Idealise          |       |       |       |     1 |     4 ||     5
 Abil: Dig               |       |     1 |     3 |       |    21 ||    25
Evoke: Wand              |       |       |       |     6 |     2 ||     8
  Use: Scroll            |       |       |     7 |     7 |    12 ||    26
       Potion            |       |       |     1 |     1 |     6 ||     8
 Stab: Distracted        |       |       |       |     6 |     6 ||    12
  Eat: Chunk             |       |     6 |     8 |    21 |    47 ||    82
       Ration            |       |       |     2 |     1 |     1 ||     4
Armor: Scale mail        |    17 |    60 |    37 |       |       ||   114
       Plate armour      |       |       |       |    96 |   139 ||   235
       Ring mail         |       |       |       |       |     5 ||     5
Dodge: Dodged            |    10 |    73 |    49 |    32 |   114 ||   278
Block: Shield            |    30 |    93 |   137 |   159 |   576 ||   995
       Reflection        |       |       |     6 |     9 |    32 ||    47
